[Event "44th Chess Olympiad Open 2022"]
[Site "Chennai"]
[Date "2022.08.02"]
[Round "5.34"]
[White "O`Gorman, Tom"]
[Black "Zhemba, Jemusse"]
[Result "1/2-1/2"]
[WhiteElo "2401"]
[BlackElo "2162"]
[Annotator "RC"]
[PlyCount "148"]
[EventDate "2022.??.??"]
[TimeControl "60"]

1. e4 e5 2. Nf3 Nc6 3. Bb5 a6 4. Ba4 Nf6 5. O-O Be7 6. Re1 b5 7. Bb3 O-O 8. h3 Bb7 9. d3 Re8 10. Nc3 h6 11. a4 b4 12. Nd5 Bf8 13.
c3 Rb8 14. a5 d6 15. Bd2 Nxd5 16. Bxd5 Nxa5 17. cxb4 Nc6 18. Qa4 Na7 19. Bxb7 Rxb7 20. Qxa6 Qb8 21. Rec1 Nb5 22. Qc6 Rb6 23. Qc4 Qc8 24. Be3 Rb8 25. Nd2 Re6 26. Nb1 Rg6 27. Kh2 d5 28. exd5 Bd6 29. Kh1 Nd4 30. Ra4 Qf5 31. Bxd4 exd4 32. Qxd4 Rxg2 33. Kxg2 Qg5+ 34. Qg4 Qxc1 35. Nc3 Qxb2 36. Ne4 Qb3 37. Ra7 Qxd5 38. Qf3 Qd4 39. Ra5 Bxb4 40. Rd5 Qa1 41. Rd7 Rf8 42. Rxc7 Qe5 43. Rd7 f5 44. Ng3 Bd6 45. d4 Qe6 46. Qb7 Rf7 47. Rxf7 Qxf7 48. Qxf7+ Kxf7 49. Nxf5 Bf8 50. Kf3 g6 51. Ne3 Ke6 52. Ke4 Bb4 53. Ng4 h5 54. Ne5 Kf6 55. f3 Bc3 56. Nd3 Kg5 57. Nf4 Kh4 58. Nxg6+ Kxh3 59. f4 Kg4 60. f5 h4 61. Ne5+ Kh5 62. f6 h3 63. f7 Bb4 64. Kf3 Kh6 65.
Nc6 h2 66. Kg2 Bd6 67. Nd8 Kg7 68. d5 Be7 69. Nc6 Bd6 70. Nd8 Be7 71. Nb7 Kxf7 72. d6 h1=Q+ 73. Kxh1 Bxd6 74. Nxd6+ Kf8 1/2-1/2

[Event "44th Chess Olympiad Open 2022"]
[Site "Chennai"]
[Date "2022.08.02"]
[Round "5.34"]
[White "Baburin, Alexander"]
[Black "Makoto, Rodwell"]
[Result "1/2-1/2"]
[WhiteElo "2400"]
[BlackElo "2346"]
[Annotator "RC"]
[PlyCount "83"]
[EventDate "2022.??.??"]
[TimeControl "60"]

1. d4 Nf6 2. c4 g6 3. Nf3 Bg7 4. g3 O-O 5. Bg2 d6 6. O-O Nbd7 7. Nc3 c6 8. e4 e5 9. h3 Re8 10. b3 exd4 11. Nxd4 Nc5 12. Re1 a5 13. Rb1 Qe7 14. Bf4 Nfd7 15.
Be3 Ne5 16. Re2 Ne6 17. f4 Nxd4 18. Bxd4 c5 19. Nd5 Qd8 20. Bc3 Nc6 21. Bxg7 Kxg7 22. f5 gxf5 23. Rf2 Re5 24. Qh5 f4 25. Qf3 Nd4 26. Qxf4 Be6 27. Rbf1 Qg5 28. Nc7 Rf8 29. Nb5 Nxb5 30. cxb5 c4 31. bxc4 Bxc4 32. Rc1 Bxb5 33. Rc7 Qxf4 34. gxf4 Rc5 35. Rxb7 Re8 36. Rb6 Bd3 37. Rxd6 Bxe4 38. Re2 Rc2 39. Rxc2 Bxc2 40. Ra6 a4 41. Kf2 Rd8 42. Bf1 1/2-1/2

[Event "44th Chess Olympiad Open 2022"]
[Site "Chennai"]
[Date "2022.08.02"]
[Round "5.34"]
[White "Mushore, Emarald Takudzwa"]
[Black "Murphy, Conor E"]
[Result "0-1"]
[WhiteElo "2153"]
[BlackElo "2404"]
[Annotator "RC"]
[PlyCount "74"]
[EventDate "2022.??.??"]
[TimeControl "60"]

1. e4 e5 2. Nf3 Nc6 3. Bc4 Nf6 4. d3 Bc5 5. c3 a6 6. O-O d6 7. Bb3 Ba7 8. Nbd2 O-O 9. h3 h6 10. Re1 Re8 11. Nf1 Be6 12. Bc2 d5 13.
exd5 Bxd5 14. Ng3 Re6 15. Qe2 Qd7 16. Be3 Nd4 17. Bxd4 exd4 18. Qd1 Rxe1+ 19. Nxe1 Re8 20. c4 Be6 21. Nf3 c5 22. Nd2 Bb8 23.
Qf3 Bxg3 24. Qxg3 Bf5 25. Qf3 Bg6 26. Rd1 Bh5 27. g4 Nxg4 28.
Ne4 Rxe4 29. dxe4 Nf6 30. Qf4 Bxd1 31. Bxd1 Qe6 32. Bf3 g5 33. Qb8+ Kg7 34. e5 Nd7 35. Qxb7 Nxe5 36. Bd5 Qxh3 37. Bg2 Qe6 0-1

[Event "44th Chess Olympiad Open 2022"]
[Site "Chennai"]
[Date "2022.08.02"]
[Round "5.34"]
[White "Mwadzura, Roy"]
[Black "Heidenfeld, Mark"]
[Result "0-1"]
[WhiteElo "2093"]
[BlackElo "2355"]
[Annotator "RC"]
[PlyCount "44"]
[EventDate "2022.??.??"]
[TimeControl "60"]

1. e4 e5 2. Nf3 Nc6 3. Bc4 Be7 4. c3 Nf6 5. d3 O-O 6. Nbd2 d6 7. Bb3 Na5 8. Bc2 c5 9. h3 Re8 10. O-O Bf8 11. Re1 h6 12. Nf1 Nc6 13.
d4 cxd4 14. cxd4 Bd7 15. Ng3 Rc8 16. Be3 exd4 17. Nxd4 d5 18.
exd5 Nxd4 19. Qxd4 Rxc2 20. Qxa7 Nxd5 21. Bd4 Bc6 22. Red1 Qg5 0-1

[Event "44th Chess Olympiad Open 2022"]
[Site "Chennai"]
[Date "2022.08.02"]
[Round "5.35"]
[White "Nielsen, Hogni Egilstoft"]
[Black "El Jawich, Amro"]
[Result "1/2-1/2"]
[WhiteElo "2414"]
[BlackElo "2314"]
[Annotator "RC"]
[PlyCount "65"]
[EventDate "2022.??.??"]
[TimeControl "60"]

1. e4 c5 2. Nf3 Nf6 3. e5 Nd5 4. Nc3 e6 5. g3 Nxc3 6. dxc3 b6 7. Bg2 Bb7 8. Bf4 Qc7 9. Qd2 h6 10. h4 Nc6 11. h5 Be7 12. O-O-O b5 13.
Kb1 Rb8 14. g4 b4 15. c4 Bc8 16. Qe3 Rb6 17. g5 hxg5 18. Bxg5 Ra6 19. h6 gxh6 20. Rxh6 Rxh6 21. Bxh6 Qa5 22. Qb3 Bb7 23. Bg7 Kd8 24. Bf6 Kc7 25. Bf1 Bxf6 26. exf6 d6 27. Bd3 Nd8 28. Ng5 Bc6 29. Be4 Ba4 30. Qe3 Bd7 31. Qb3 Ba4 32. Qe3 Bd7 33. Qb3 1/2-1/2

[Event "44th Chess Olympiad Open 2022"]
[Site "Chennai"]
[Date "2022.08.02"]
[Round "5.35"]
[White "Apol, Luitjen Akselsson"]
[Black "Khoder, Akram"]
[Result "0-1"]
[WhiteElo "2289"]
[BlackElo "2038"]
[Annotator "RC"]
[PlyCount "132"]
[EventDate "2022.??.??"]
[TimeControl "60"]

1. e4 c5 2. Nf3 e6 3. g3 d5 4. exd5 exd5 5. d4 Nf6 6. Bg2 Be7 7. O-O O-O 8. Be3 Ng4 9. Bf4 Nc6 10. Nc3 Be6 11. h3 Nf6 12. Re1 Qd7 13.
Kh2 Rfe8 14. a3 Rac8 15. Be3 b6 16. Ne5 Qd8 17. Nxc6 Rxc6 18. Ne2 Bf5 19. c4 Be4 20. Qa4 Rc7 21. Bxe4 dxe4 22. Rad1 cxd4 23. Rxd4 Qc8 24. Bf4 Rc5 25. Nc3 Rh5 26. h4 Bc5 27. Nxe4 Ng4+ 28. Kg2 Bxd4 29. f3 Qa8 30. Qd7 Ne3+ 31. Bxe3 Bxe3 32. Rxe3 Rhe5 33. Rd3 Qc8 34. Qxa7 Qxc4 35. Rd2 R5e6 36. Qb7 Qc8 37. Qd5 Rf8 38. a4 h6 39. b4 Qc6 40. Qb3 Kh8 41. b5 Qc7 42. Qd5 Kg8 43.
Qb3 Rd8 44. Rc2 Qe7 45. Qc4 Kh8 46. Rf2 f5 47. Nd2 Re1 48.
Nf1 Re8 49. Qd4 Qe6 50. Nd2 Re2 51. f4 Rxf2+ 52. Qxf2 Qa2 53. Kg1 Rd8 54. Nf1 Qxf2+ 55. Kxf2 Rd4 56. Ne3 g6 57. h5 Kg7 58. hxg6 Kxg6 59. Kf3 h5 60. Kg2 Kf6 61. Kh3 Ke6 62. Kh4 Rxa4 63.
Kxh5 Rb4 64. Nc2 Rc4 65. Ne1 Rc3 66. g4 Rh3+ 0-1

[Event "44th Chess Olympiad Open 2022"]
[Site "Chennai"]
[Date "2022.08.02"]
[Round "5.35"]
[White "Kassis, Antoine"]
[Black "Egilstoft, Rogvi"]
[Result "1/2-1/2"]
[WhiteElo "2202"]
[BlackElo "2284"]
[Annotator "NA RC"]
[PlyCount "72"]
[EventDate "2022.??.??"]
[TimeControl "60"]

1. e4 e5 2. Nf3 Nc6 3. Nc3 Nf6 4. d4 exd4 5. Nxd4 Bb4 6.
Nxc6 bxc6 7. Bd3 O-O 8. O-O Re8 9. Bg5 h6 10. Bh4 d5 11.
exd5 Bxc3 12. bxc3 cxd5 13. h3 Qd6 14. c4 dxc4 15. Bxc4 Qf4 16. Bxf6 Qxf6 17. Bd3 Rb8 18. Qd2 c5 19. Qa5 Qg5 20. f4 Qd5 21.
Rad1 Qc6 22. Bc4 Bxh3 23. Bd5 Qg6 24. Qxa7 Bf5 25. Qxc5 Rbc8 26. Qf2 Rxc2 27. Rd2 Rxd2 28. Qxd2 Qb6+ 29. Qf2 Qa5 30. Bb3 Re7 31. Qd4 Kh7 32. Qf2 Qc3 33. Qf3 Re3 34. Qf2 Be4 35. Kh2 f5 36. Rd1 Rd3 1/2-1/2

[Event "44th Chess Olympiad Open 2022"]
[Site "Chennai"]
[Date "2022.08.02"]
[Round "5.35"]
[White "Kett, Tim"]
[Black "Lazov, Toni"]
[Result "1/2-1/2"]
[WhiteElo "2197"]
[BlackElo "2374"]
[Annotator "RC"]
[PlyCount "62"]
[EventDate "2022.??.??"]
[TimeControl "60"]

1. e4 c5 2. Nf3 d6 3. d4 cxd4 4. Nxd4 Nf6 5. Nc3 a6 6. Bc4 e6 7. O-O Be7 8. f4 O-O 9. f5 b5 10. Bb3 b4 11. Na4 e5 12. Ne2 Bb7 13.
Ng3 Nbd7 14. Qe2 Bc6 15. Re1 Qa5 16. a3 bxa3 17. Nc3 d5 18.
exd5 Nxd5 19. Nxd5 Bxd5 20. bxa3 Nf6 21. Bb2 Rfe8 22. Kh1 Bf8 23. Rad1 Rab8 24. Rd3 Bxb3 25. cxb3 e4 26. Re3 Nd5 27. b4 Qb5 28. Qxb5 Rxb5 29. Rxe4 Rxe4 30. Nxe4 a5 31. Nc3 Nxc3 1/2-1/2

[Event "44th Chess Olympiad Open 2022"]
[Site "Chennai"]
[Date "2022.08.02"]
[Round "5.35"]
[White "Kaloust, Giorgio"]
[Black "Ziska, Helgi Dam"]
[Result "0-1"]
[WhiteElo "1942"]
[BlackElo "2549"]
[Annotator "TA"]
[PlyCount "76"]
[EventDate "2022.??.??"]
[TimeControl "60"]

1. d4 g6 2. Nf3 Bg7 3. c4 Nf6 4. g3 O-O 5. Bg2 d6 6. O-O Nbd7 7. Nc3 e5 8. d5 a5 9. a3 {[%emt 0:08:13] E67: King's Indian:
Fianchetto: 6...Nbd7.} Nb6 {[%emt 0:13:57] [#]} 10. Qd3 $146 (
{Predecessor:} 10. b3 a4 11. Be3 Nfd7 12. Nd2 axb3 13. Qxb3 Nc5 14. Bxc5 dxc5
15. Nde4 Nd7 16. Qb5 b6 {0-1 (41) Gudmundsson,J-De Groot,A Buenos Aires 1939})
10... Nfd7 11. e4 {[%emt 0:07:07]
Black is slightly better.} Nc5 12. Qc2 a4 13. Be3 Nb3 ({Don't do} 13...
Nxc4 14. Bxc5 dxc5 15. Nxa4 $11) 14. Rae1 Bd7 (14... Nxc4 $17 15. Nxa4 Nxe3 16. fxe3 Rxa4 17. Qxb3 Rxe4) 15.
Bxb6 (15. Qd3 $11) 15... cxb6 $15 16. Nd2 $1 Nd4 $36 {[%emt 0:03:08] White is under pressure.} 17. Qd3 Rc8 18. Ne2 Nxe2+ 19. Qxe2 Bh6 20. Rc1 {
[%emt 0:02:54] [#]} b5 $1 21. cxb5 (21. c5
$17) 21... Qa5 $19 22. Nc4 Qxb5
{[%emt 0:00:41] White must now prevent ... Qa6.} 23. Rc3 Qa6 {
[%emt 0:01:16] Hoping for ...Bb5.} 24. Rb1 b5 25. Ne3 Rxc3 26. bxc3 Rc8 27. Nd1 Qa7 28. Rb4 (28. Bf1 $15) 28... Bg5 29. Bf1 Bd8 {[%emt 0:00:32] Black is more active.} 30.
Qd2 {[%emt 0:03:49] [#]} (30. Rb1 $142) 30... Ba5 (30... Qc5
$142 $1 31. Rb1 Ba5) 31. Rb1 $17 Rc5 32. Be2 Kg7 33. Kg2 Qc7 34. Qb2 {[%emt 0:00:49] White does not recover from this.} (
34. Rc1 $17) 34... Bxc3 $19 35. Nxc3 Rxc3 36. Bxb5 $2 (36. Qb4) 36... Rb3 {[%emt 0:00:
13] Black is clearly winning.} 37. Qc1 Qxc1 38. Rxc1 Bxb5 {[%emt 0:00:09] Weighted Error Value: White=0.
50/Black=0.13 (very precise)} 0-1

[Event "44th Chess Olympiad Open 2022"]
[Site "Chennai"]
[Date "2022.08.02"]
[Round "5.36"]
[White "Risteski, Emil"]
[Black "Blackburn, Jonathan L B"]
[Result "1/2-1/2"]
[WhiteElo "2405"]
[BlackElo "2176"]
[Annotator "RC"]
[PlyCount "80"]
[EventDate "2022.??.??"]
[TimeControl "60"]

1. e4 e6 2. d4 d5 3. Nd2 c5 4. exd5 exd5 5. Ngf3 Nc6 6. Bb5 Qe7+ 7. Be2 Qc7 8. O-O Nf6 9. Re1 cxd4 10. Bb5+ Be7 11. Qe2 a6 12. Bxc6+ bxc6 13. Nxd4 Ra7 14. c4 c5 15. N4f3 d4 16. Ne4 O-O 17. Bg5 Nxe4 18. Bxe7 Qxe7 19. Qxe4 Qxe4 20. Rxe4 f6 21. Rae1 Bf5 22. Re7 Rxe7 23. Rxe7 Rf7 24. Re8+ Rf8 25. Rxf8+ Kxf8 26. Nd2 Ke7 27. f4 Bd3 28. Kf2 a5 29. Kf3 f5 30. Kf2 g6 31. Ke1 a4 32. a3 Kd6 33.
Kf2 Ke7 34. Kg3 Kf6 35. Kf3 Ke7 36. Kf2 Kd6 37. Kg3 Ke7 38.
Kf2 Kd6 39. Ke1 Ke7 40. Kd1 Kd6 1/2-1/2

[Event "44th Chess Olympiad Open 2022"]
[Site "Chennai"]
[Date "2022.08.02"]
[Round "5.36"]
[White "Toczek, Grzegorz"]
[Black "Stanojoski, Zvonko"]
[Result "1/2-1/2"]
[WhiteElo "2287"]
[BlackElo "2412"]
[Annotator "RC"]
[PlyCount "104"]
[EventDate "2022.??.??"]
[TimeControl "60"]

1. e4 c5 2. Nf3 d6 3. d4 cxd4 4. Nxd4 Nf6 5. Nc3 g6 6. Be3 Bg7 7. f3 O-O 8. Qd2 Nc6 9. O-O-O Nxd4 10. Bxd4 Be6 11. Kb1 Qc7 12. h4 Rfc8 13. h5 Qa5 14. hxg6 fxg6 15. a3 Rc6 16. Bd3 Bf7 17. Qe1 e5 18. Be3 Nh5 19. Bd2 Qd8 20. Nd5 Nf4 21. Nb4 Rc7 22. Bf1 a5 23. Na2 b6 24. Nc3 Rac8 25. Qh4 Qxh4 26. Rxh4 g5 27. Rh2 Rd7 28. Bb5 Rdd8 29. Be3 Rb8 30. Na4 d5 31. exd5 Bxd5 32. Bxf4 Bxf3 33. Rxd8+ Rxd8 34. Bxg5 Rd1+ 35. Ka2 Bd5+ 36.
c4 Bb7 37. g3 Rd3 38. Nxb6 Rxg3 39. Bh4 Rg6 40. Nd5 Rg1 41. Ne7+ Kf7 42. c5 Be4 43. c6 Rc1 44. b3 a4 45. Bc4+ Ke8 46. Rd2 Rh1 47. c7 Bb1+ 48. Ka1 Bd3+ 49. Ka2 Bb1+ 50. Ka1 Bd3+ 51. Ka2 Bb1+ 52. Ka1 Bd3+ 1/2-1/2

[Event "44th Chess Olympiad Open 2022"]
[Site "Chennai"]
[Date "2022.08.02"]
[Round "5.36"]
[White "Veljanoski, Andrej"]
[Black "Bullen, Alex"]
[Result "1/2-1/2"]
[WhiteElo "2162"]
[BlackElo "2106"]
[Annotator "NA RC"]
[PlyCount "81"]
[EventDate "2022.??.??"]
[TimeControl "60"]

1. e4 c6 2. d4 d5 3. e5 Bf5 4. Nf3 e6 5. Be2 Ne7 6. O-O h6 7. Nbd2 Nd7 8.
Nb3 g5 9. a4 Qc7 10. a5 a6 11. Bd2 O-O-O 12. Ne1 f6 13. exf6 Ng6 14. g4 Be4 15. f3 Bd6 16. fxe4 Bxh2+ 17. Kh1 Qg3 18. Nf3 Nh4 19. Rg1 Bxg1 20. Qxg1 Qxg1+ 21. Rxg1 Nxf6 22. Nxh4 gxh4 23. Nc5 Nxe4 24. Nxe4 dxe4 25. Bc4 e5 26. g5 hxg5 27. Bxg5 exd4 28. Be6+ Kb8 29. Bxd8 Rxd8 30. Bf5 e3 31. Bd3 Rd5 32. Rg8+ Kc7 33. Rg7+ Kb8 34. Kg2 Rxa5 35. Rh7 Rg5+ 36. Kh3 Re5 37. Be2 Rc5 38. Bd3 Re5 39. Be2 Rc5 40. Bd3 Re5 41. Be2 1/2-1/2

[Event "44th Chess Olympiad Open 2022"]
[Site "Chennai"]
[Date "2022.08.02"]
[Round "5.37"]
[White "Ibarra Chami, Luis Fernando"]
[Black "Altorky, Amer"]
[Result "1-0"]
[WhiteElo "2452"]
[BlackElo "2040"]
[Annotator "RC"]
[PlyCount "49"]
[EventDate "2022.??.??"]
[TimeControl "60"]

1. e4 c5 2. Nf3 a6 3. c4 e6 4. Nc3 Qc7 5. d4 cxd4 6. Nxd4 Nf6 7. Qd3 Nc6 8.
Nxc6 dxc6 9. Be2 Be7 10. f4 e5 11. O-O O-O 12. Kh1 Rd8 13.
Qg3 exf4 14. Bxf4 Qd7 15. Na4 Nxe4 16. Qf3 Qe6 17. Nb6 g5 18. Nxa8 gxf4 19. Qxf4 Rd2 20. Bf3 Bd6 21. Qxe4 Qh6 22. h4 Bh3 23. gxh3 Rh2+ 24. Kg1 Qd2 25. Bg2 1-0

[Event "44th Chess Olympiad Open 2022"]
[Site "Chennai"]
[Date "2022.08.02"]
[Round "5.37"]
[White "Koniahli, Malek."]
[Black "Diaz Rosas, Julio Cesar"]
[Result "1/2-1/2"]
[WhiteElo "2238"]
[BlackElo "2328"]
[Annotator "RC"]
[PlyCount "120"]
[EventDate "2022.??.??"]
[TimeControl "60"]

1. d4 d5 2. c4 e6 3. Nf3 a6 4. Nc3 dxc4 5. a4 Nc6 6. e3 Na5 7. Nd2 c5 8. Nxc4 cxd4 9. exd4 Nf6 10. Ne5 Bb4 11. Bd3 b6 12. O-O Bb7 13.
Bg5 h6 14. Be3 Nc6 15. Rc1 Nxe5 16. dxe5 Bxc3 17. bxc3 Qd5 18. f3 Qxe5 19. Re1 Qc7 20. Qb3 Nd5 21. Bd4 O-O 22. c4 Nf4 23. Bf1 Qe7 24. Qxb6 Rfc8 25. Qb2 f6 26. Be3 Ng6 27. Qf2 Ne5 28. Qg3 Kf8 29. a5 Rd8 30.
Bb6 Nd3 31. Bxd3 Rxd3 32. Rcd1 Rxd1 33. Rxd1 e5 34. Qg4 Bc6 35. c5 e4 36. fxe4 Qxe4 37. Qxe4 Bxe4 38. Rd7 Rc8 39. Bc7 Bc6 40. Bd6+ Kg8 41. Ra7 Bb5 42. Kf2 Re8 43. Rc7 Re2+ 44. Kf3 Rc2 45. g4 Rc4 46. h4 Ba4 47. g5 hxg5 48. hxg5 fxg5 49. Be5 g6 50. Ke3 g4 51. Bd4 Kf8 52. Be5 Kg8 53. Bd4 Kf8 54. Be5 Ke8 55. Bd6 Kd8 56. Ra7 Bb5 57. Rg7 Be8 58. Ra7 Bb5 59. Rg7 Be8 60. Ra7 Bb5 1/2-1/2

[Event "44th Chess Olympiad Open 2022"]
[Site "Chennai"]
[Date "2022.08.02"]
[Round "5.37"]
[White "Capo Vidal, Uriel"]
[Black "Eiti, Bashir"]
[Result "0-1"]
[WhiteElo "2215"]
[BlackElo "2337"]
[Annotator "RC"]
[PlyCount "98"]
[EventDate "2022.??.??"]
[TimeControl "60"]

1. d4 d5 2. c4 dxc4 3. Nf3 Nf6 4. e3 Bg4 5. Bxc4 e6 6. Nc3 a6 7. h3 Bh5 8. O-O Nc6 9. Be2 Bd6 10. b3 O-O 11. Bb2 Qe7 12. Ne5 Bxe2 13.
Nxc6 Qe8 14. Qxe2 Qxc6 15. Rac1 Rfe8 16. e4 Bf4 17. Rc2 Qd7 18. Rd1 Rad8 19. Na4 c6 20. Nc5 Qe7 21. e5 Nd5 22. Ne4 f6 23.
g3 Bh6 24. Nc3 f5 25. Nb1 Rd7 26. Ba3 Qf7 27. Qf3 g5 28. Nd2 Qg6 29. Nf1 Bf8 30. Bxf8 Rxf8 31. Rcd2 h5 32. Qd3 Qh6 33. Ne3 Ne7 34. Ng2 f4 35. Qe4 Nd5 36. Rd3 Rdf7 37. h4 fxg3 38. Rxg3 g4 39. Rf1 Rf3 40. Ne1 R3f4 41. Qd3 Ne7 42. Ng2 Rf3 43. Qe4 Qd2 44. Rxf3 Rxf3 45. Ne3 Qe2 46. Qc2 Rxe3 47. Qc5 Nf5 48. fxe3 g3 49. Rxf5 Qh2+ 0-1

[Event "44th Chess Olympiad Open 2022"]
[Site "Chennai"]
[Date "2022.08.02"]
[Round "5.37"]
[White "Chekh Adm Khedr, Aram"]
[Black "Hernandez Guerrero, Gilberto"]
[Result "1/2-1/2"]
[WhiteElo "2147"]
[BlackElo "2560"]
[Annotator "TA"]
[PlyCount "76"]
[EventDate "2022.??.??"]
[TimeControl "60"]

1. e4 {
[%emt 0:00:32] Gofshtein,L} c5 2. Nf3 Nc6 3. d4 cxd4 4. Nxd4 Nf6 5. Nc3 d6 6. Bg5 Bd7 7. Qd2 Rc8 8. O-O-O Nxd4 9. Qxd4 Qa5 10. Be3 a6 11. f3 {
[%emt 0:02:26] B61: Sicilian: Richter-Rauzer: 6...Bd7 7 Qd2.} e5 12. Qb6 Qxb6 13. Bxb6 {[%emt 0:00:03] 
[#] White is slightly better.} h5 $146 ({Predecessor:} 13...
Be7 14. g4 Be6 15. h4 O-O 16. Bh3 Rc6 17. Be3 Rfc8 18. Rd2 Ne8 19. Nd5 Kf8 20.
a3 Bd8 21. g5 g6 22. h5 gxh5 {1-0 (38) Al Modiahki,M (2571)-Christiansen,L 
(2562) Bermuda 2003 CBM 094 [Gofshtein,L]}) 14. h4 Be7 15. Kb1 Rc6 16. Be3 Bd8 {[%emt 0:03:27] The position is equal.} 17. g3 Ba5 18. Nd5 Nxd5 19. Rxd5 Bb6 20. Bxb6 Rxb6 21. Bh3 Bxh3 22. Rxh3 $11 {[%emt 0:
00:00] Endgame KRR-KRR} Rh6 23. Rh1 Rg6 24. Rg1 Ke7 25. b3 Ke6 26. c4 Rc6 27.
a4 f5 28. exf5+ Kxf5 29. Kc2 Rc5 30. Rxc5 (30. Rd3 {looks sharper.} b5 31. Kc3 Rc6 32. Kb4) 30... dxc5 {
[%emt 0:00:06] KR-KR} 31. a5 Rd6 32. Rg2 Rd4 33. Rd2 Rxd2+ 34. Kxd2 e4 35. Ke3 exf3 36. Kxf3 g6 37. g4+ Ke5 38. gxh5 $1 gxh5 {
[%emt 0:00:05] Weighted Error Value: White=0.05 (flawless) /Black=0.03 
(flawless)} 1/2-1/2

[Event "44th Chess Olympiad Open 2022"]
[Site "Chennai"]
[Date "2022.08.02"]
[Round "5.38"]
[White "Petkov, Momchil"]
[Black "Kulpruethanon, Thanadon"]
[Result "1-0"]
[WhiteElo "2510"]
[BlackElo "2294"]
[Annotator "RC"]
[PlyCount "57"]
[EventDate "2022.??.??"]
[TimeControl "60"]

1. e4 e5 2. Nf3 Nc6 3. Bc4 Bc5 4. O-O Nf6 5. d3 O-O 6. Bg5 Be7 7. Nc3 d6 8. a3 h6 9. Be3 Kh8 10. h3 Qe8 11. d4 Nd7 12. Re1 Bd8 13.
Qd2 f5 14. exf5 Rxf5 15. Bd5 Nf6 16. Bxc6 bxc6 17. dxe5 Rxf3 18. exf6 Qg6 19. fxg7+ Kh7 20. Ne2 Bxh3 21.
Ng3 Rxg3 22. fxg3 Bf5 23. Rf1 Be7 24. Rf2 Rg8 25. Raf1 Be6 26.
Qd3 Qxd3 27. cxd3 c5 28. Bd2 Bd5 29. Re1 1-0

[Event "44th Chess Olympiad Open 2022"]
[Site "Chennai"]
[Date "2022.08.02"]
[Round "5.38"]
[White "Georgiev, Todor"]
[Black "Arunnuntapanich, Tinnakrit"]
[Result "0-1"]
[WhiteElo "2272"]
[BlackElo "2117"]
[Annotator "RC"]
[PlyCount "132"]
[EventDate "2022.??.??"]
[TimeControl "60"]

1. d4 Nf6 2. c4 g6 3. Nc3 Bg7 4. e4 d6 5. f4 c5 6. d5 O-O 7. Nf3 e6 8. Be2 exd5 9. cxd5 Re8 10. e5 dxe5 11. fxe5 Ng4 12. e6 fxe6 13. d6 Bd7 14. O-O Nc6 15. Ne4 Rf8 16. h3 Nge5 17. Be3 Nxf3+ 18. Bxf3 b6 19. Bg5 Qc8 20. Be7 Rf7 21. Bg4 Bd4+ 22. Kh1 Rxf1+ 23. Qxf1 Nxe7 24. dxe7 Qe8 25. Qf3 h5 26. Bxe6+ Bxe6 27. Nd6 Qxe7 28. Qxa8+ Kg7 29. Ne4 Qd7 30. Rf1 Qe7 31. b3 Bf5 32. Ng3 Bd3 33. Rd1 Bc2 34. Rf1 h4 35. Qf3 hxg3 36. Qxg3 Be4 37. Qg4 Bd5 38. h4 Qe4 39. Qxe4 Bxe4 40. Re1 Bd5 41. Re7+ Kf6 42. Rxa7 b5 43. Ra5 b4 44. Kh2 Kf5 45. Ra6 Be4 46. Kg3 Be5+ 47. Kh3 Kf4 48. g4 Bd3 49. Re6 Bd4 50. Rb6 Kf3 51. h5 g5 52. Re6 Be3 53. Kh2 Bf4+ 54. Kg1 Kxg4 55. h6 Kh5 56. Kf2 Bf5 57. Rc6 Be5 58. Kf3 g4+ 59. Ke3 g3 60.
Rxc5 g2 61. Rc1 Kxh6 62. Kf3 Bh3 63. Kf2 Kg5 64. Rc5 Kf6 65.
Rc6+ Kf5 66. Rc5 Ke4 0-1

[Event "44th Chess Olympiad Open 2022"]
[Site "Chennai"]
[Date "2022.08.02"]
[Round "5.38"]
[White "Laohawirapap, Prin"]
[Black "Stoyanov, Tsvetan"]
[Result "1/2-1/2"]
[WhiteElo "2230"]
[BlackElo "2450"]
[Annotator "RC"]
[PlyCount "129"]
[EventDate "2022.??.??"]
[TimeControl "60"]

1. e4 c5 2. Nf3 d6 3. d4 cxd4 4. Nxd4 Nf6 5. Nc3 a6 6. Be3 e5 7. Nb3 Be6 8. f3 h5 9. Nd5 Bxd5 10. exd5 Nbd7 11. Qd2 g6 12. O-O-O Nb6 13. Kb1 Nbxd5 14. Bg5 Be7 15. Bd3 O-O 16. h4 Nf4 17. Bxf4 exf4 18. Qxf4 Re8 19. g4 Bf8 20. Bc4 d5 21. Qg5 Nxg4 22. Rxd5 Qxg5 23. Rxg5 Ne5 24. Bd5 Bh6 25. Rg2 Re7 26. Re2 Rae8 27. Rhe1 b6 28. c4 Nc6 29. Rxe7 Rxe7 30. Rxe7 Nxe7 31. Bb7 a5 32. a4 Bf4 33. c5 g5 34. cxb6 gxh4 35. Ba6 h3 36. Bf1 h2 37. Bg2 Nf5 38. Nc1 Nd6 39. b4 axb4 40. Nd3 Be3 41. a5 b3 42. f4 Nc4 43. b7 Ba7 44. a6 Kf8 45. Nb4 Na5 46. Nd5 Nc4 47. Nc7 Nd6 48. Kb2 Ke7 49. Kxb3 Kd7 50. Nd5 Nf5 51. Nb6+ Kc7 52. Nc8 Be3 53. a7 Bxa7 54. Nxa7 Ng3 55. Nb5+ Kb8 56. Nd6 h1=Q 57. Bxh1 Nxh1 58. Nxf7 Kxb7 59. Ng5 Ng3 60. Kc4 Kc6 61. Kd4 Ne2+ 62. Ke3 Nxf4 63. Kxf4 h4 64. Kf3 h3 65. Nxh3 1/2-1/2

[Event "44th Chess Olympiad Open 2022"]
[Site "Chennai"]
[Date "2022.08.02"]
[Round "5.38"]
[White "Saeheng, Boonsueb"]
[Black "Tashev, Aleksandar"]
[Result "0-1"]
[WhiteElo "2063"]
[BlackElo "2262"]
[Annotator "RC"]
[PlyCount "62"]
[EventDate "2022.??.??"]
[TimeControl "60"]

1. d4 d5 2. c4 e6 3. Nc3 Nf6 4. Nf3 c6 5. e3 Nbd7 6. Qc2 Bd6 7. e4 dxe4 8.
Nxe4 Nxe4 9. Qxe4 Nf6 10. Qe3 b6 11. Be2 c5 12. O-O Qc7 13.
dxc5 bxc5 14. h3 Bb7 15. Rd1 Rg8 16. Qa3 g5 17. Nxg5 h6 18.
Nf3 Ne4 19. Bxh6 f5 20. h4 Qc6 21. Bg5 Bc7 22. Qe3 e5 23.
Rd5 Qe6 24. Rad1 Bxd5 25. cxd5 Qd6 26. Bd3 Nxg5 27. Nxg5 e4 28. g3 Bb6 29. Bc4 Ke7 30. Kg2 Raf8 31. f3 Bc7 0-1

[Event "44th Chess Olympiad Open 2022"]
[Site "Chennai"]
[Date "2022.08.02"]
[Round "5.39"]
[White "Mieles Palau, Daniel"]
[Black "Brahami, Lamine"]
[Result "1-0"]
[WhiteElo "2364"]
[BlackElo "2189"]
[Annotator "RC"]
[PlyCount "79"]
[EventDate "2022.??.??"]
[TimeControl "60"]

1. c4 e5 2. g3 Nc6 3. Bg2 g6 4. Nc3 Bg7 5. Nf3 d6 6. O-O Nf6 7. Rb1 a5 8. a3 O-O 9. b4 axb4 10. axb4 Bf5 11. d3 Qd7 12. b5 Nd4 13. Nh4 Bh3 14. Bxb7 Bxf1 15. Bxa8 Bxe2 16. Nxe2 Nxe2+ 17. Qxe2 Rxa8 18. Bg5 Ra3 19. Ng2 Ne8 20. Bc1 Ra5 21. Qf3 h6 22. Ne3 Nf6 23. Kg2 Kh7 24. Qb7 Ra2 25. h3 Qd8 26. b6 cxb6 27. Rxb6 Kg8 28. Rc6 Qa5 29. Rc8+ Bf8 30. Qe7 Nh7 31. Ng4 g5 32. Rxf8+ Nxf8 33. Nxh6+ Kg7 34. Nf5+ Kg8 35. Nh6+ Kg7 36. Qxf7+ Kxh6 37. Qxf8+ Kh7 38. Qf7+ Kh6 39. h4 Qa8+ 40. Kg1 1-0

[Event "44th Chess Olympiad Open 2022"]
[Site "Chennai"]
[Date "2022.08.02"]
[Round "5.39"]
[White "Nassr, Ali"]
[Black "Matamoros Franco, Carlos S."]
[Result "1/2-1/2"]
[WhiteElo "2263"]
[BlackElo "2459"]
[Annotator "RC"]
[PlyCount "62"]
[EventDate "2022.??.??"]
[TimeControl "60"]

1. d4 Nf6 2. Nf3 g6 3. Bf4 Bg7 4. e3 d6 5. h3 O-O 6. Be2 c5 7. c3 Qb6 8. Qb3 Be6 9. Qxb6 axb6 10. a3 Bd7 11. Nbd2 Bc6 12. O-O Nbd7 13.
Rfe1 Rfe8 14. Bh2 b5 15. dxc5 dxc5 16. Ne5 Nxe5 17. Bxe5 Nd7 18. Bxg7 Kxg7 19. Red1 Red8 20. Nb3 e5 21. c4 bxc4 22. Bxc4 Nb6 23. Rxd8 Rxd8 24. Be2 Na4 25. Na5 Nxb2 26. Nxc6 bxc6 27. Rc1 Nd3 28. Bxd3 Rxd3 29. Rxc5 Rxa3 30. Rxc6 Ra1+ 31.
Kh2 h5 1/2-1/2

[Event "44th Chess Olympiad Open 2022"]
[Site "Chennai"]
[Date "2022.08.02"]
[Round "5.39"]
[White "Djabri, Massinas"]
[Black "Noboa Silva, Kevin"]
[Result "1/2-1/2"]
[WhiteElo "2206"]
[BlackElo "2304"]
[Annotator "RC"]
[PlyCount "85"]
[EventDate "2022.??.??"]
[TimeControl "60"]

1. d4 e6 2. c4 Nf6 3. Nf3 Bb4+ 4. Bd2 a5 5. a3 Bxd2+ 6. Qxd2 d6 7. Nc3 Nbd7 8. e3 O-O 9. Bd3 e5 10. O-O Re8 11. Qc2 Qe7 12. Nd2 c6 13.
b4 Nf8 14. d5 Bd7 15. Rfb1 axb4 16. Rxb4 Bc8 17. Bf5 Qc7 18.
Bxc8 Rexc8 19. Qb2 cxd5 20. Nxd5 Nxd5 21. cxd5 Ra5 22. Rxb7 Qd8 23. e4 Rac5 24. Nf1 Rc2 25. Qb1 Qh4 26. Qe1 Ng6 27. Ne3 R2c5 28. Nf5 Qg5 29. Rb3 h5 30. Rg3 Qd8 31. h4 Rc2 32. a4 R8c5 33.
Qd1 Qb6 34. a5 Qa7 35. Qxh5 Rc1+ 36. Rxc1 Rxc1+ 37. Kh2 Qxf2 38.
Rb3 Qg1+ 39. Kg3 Qe1+ 40. Kh2 Qg1+ 41. Kg3 Qe1+ 42. Kh2 Qg1+ 43. Kg3 1/2-1/2